 Dungeon Crawl Stone Soup version 0.20.1-1-g8b1a95d (webtiles) character file.

78 Jukra the Skirmisher (level 4, -3/36 HPs)
             Began as a Demonspawn Abyssal Knight on Aug 28, 2017.
             Was a Follower of Lugonu.
             Slain by Sigmund
             ... wielding a +0 scythe
              (4 damage)
             ... on level 2 of the Dungeon.
             The game lasted 00:06:44 (1932 turns).

Jukra the Skirmisher (Demonspawn Abyssal Knight)    Turns: 1932, Time: 00:06:45

Health: -3/36      AC:  7    Str: 12    XL:     4   Next: 15%
Magic:  0/5        EV: 10    Int: 13    God:    Lugonu [*.....]
Gold:   110        SH:  0    Dex: 14    Spells: 3/3 levels left

rFire    . . .     SeeInvis .   k - +4 dagger
rCold    . . .     Gourm    .   (no shield)
rNeg     . . .     Faith    .   i - +0 ring mail
rPois    +         Spirit   +   (no helmet)
rElec    .         Reflect  .   q - +0 cloak
rCorr    .         Harm     .   c - +0 pair of gloves
MR       .....                  (no boots)
Stlth    ..........             (no amulet)
Regen    0.2/turn               s - ring of poison resistance
MPRegen  0.1/turn               (no ring)

@: confused
A: powered by death 1, magic shield
a: Depart the Abyss, Renounce Religion


You were on level 2 of the Dungeon.
You worshipped Lugonu.
Lugonu was aware of your devotion.
You were not hungry.

You visited 1 branch of the dungeon, and saw 2 of its levels.
You visited the Abyss 1 time.

You collected 110 gold pieces.

Inventory:

Hand Weapons
 a - a +1 mace
 k - a +4 dagger (weapon)
 p - a +0 spear
Armour
 c - a +0 pair of gloves (worn)
 i - a +0 ring mail (worn)
 q - a +0 cloak (worn)
Jewellery
 s - a ring of poison resistance (left hand)
Scrolls
 b - a scroll of enchant armour {unknown}
 j - a scroll of magic mapping {unknown}
 l - a scroll of noise {unknown}
 m - 2 scrolls of identify {unknown}
 n - a scroll of teleportation {unknown}
Potions
 d - a potion of brilliance {unknown}
 e - a potion of resistance {unknown}
 o - a potion of heal wounds {unknown}
Comestibles
 f - 2 fruits
 g - a royal jelly
 h - 2 meat rations
 r - 2 bread rations


   Skills:
 + Level 3.6 Fighting
 + Level 0.1 Short Blades
 + Level 2.9 Maces & Flails
 + Level 2.3 Armour
 + Level 1.2 Dodging
 + Level 2.6 Invocations


You had 3 spell levels left.
You didn't know any spells.

Dungeon Overview and Level Annotations

Branches:
Dungeon (2/15)

Altars:
Nemelex Xobeh

Annotations:
D:2 Sigmund


Innate Abilities, Weirdness & Mutations

You regenerate a little health from kills.
When hurt, damage is shared between your health and your magic reserves.


Message History

You barely miss something. You barely miss something. Something hits you.
* * * LOW HITPOINT WARNING * * *
You puncture something!
You hear some strange, mumbled words.
You are confused.
You bump into the rock wall.
You hear some strange, mumbled words.
You are more confused.
You closely miss something. Something hits you but does no damage.
You bump into the rock wall.
You completely miss something. Something hits you but does no damage.
You completely miss something.
The rat twitches its whiskers.
You hear some strange, mumbled words.
A magic dart appears from out of thin air!
The magic dart hits you!
* * * LOW HITPOINT WARNING * * *
You puncture something! Something hits you.
You die...

# #..# ####...# .....#
..#### ..## #..####
##....# .#
####.#############...#
#...........@{r...#
##############....#
...# ..# .# #


You could see a rat.

Vanquished Creatures
  2 adders (D:2)
  An ooze (D:1)
  A worm (D:2)
  4 dart slugs
  3 leopard geckos (D:1)
  7 bats
  6 goblins
  6 hobgoblins
  A quokka (D:2)
  A frilled lizard (D:2)
  5 kobolds
  5 rats
42 creatures vanquished.

Notes
Turn   | Place    | Note
-------+----------+-------------------------------------------
     0 | Abyss:1  | Jukra the Demonspawn Abyssal Knight began the quest for the Orb.
     0 | Abyss:1  | Reached XP level 1. HP: 18/18 MP: 2/2
    44 | Abyss:1  | Noticed a small abomination
    55 | Abyss:1  | Noticed a large abomination
    62 | D:1      | Escaped the Abyss
   430 | D:1      | Gained mutation: You regenerate a little health from kills. [demonic ancestry]
   430 | D:1      | Reached XP level 2. HP: 16/24 MP: 3/3
   648 | D:1      | Reached * piety under Lugonu
   869 | D:1      | Reached skill level 1 in Dodging
  1081 | D:1      | Gained mutation: When hurt, damage is shared between your health and your magic reserves. [demonic ancestry]
  1081 | D:1      | Reached XP level 3. HP: 29/29 MP: 4/4
  1437 | D:2      | Found a sparkling altar of Nemelex Xobeh.
  1764 | D:2      | Reached XP level 4. HP: 36/36 MP: 5/5
  1914 | D:2      | Noticed Sigmund
  1931 | D:2      | HP: 1/36 [something/magic dart (8)]
  1932 | D:2      | Slain by Sigmund

Skill      XL: |  1  2 |
---------------+-------+-----
Maces & Flails | 2 |  2.9
Armour         | 2 |  2.3
Dodging        | 1 |  1.2
Fighting       | |  3.6
Short Blades   | |  0.1
Invocations    | |  2.6

Action                   |  1- 3 |  4- 6 || total
-------------------------+-------+-------++-------
Melee: Mace              |    80 |       ||    80
       Dagger            |    40 |    25 ||    65
Invok: Depart the Abyss  |     1 |       ||     1
  Eat: Bread ration      |     1 |       ||     1
       Chunk             |     1 |       ||     1
Armor: Leather armour    |    16 |       ||    16
       Ring mail         |    40 |     9 ||    49
Dodge: Dodged            |    72 |     8 ||    80
